3095 views
Uploaded 2020-02-26 17:56:28
Game version 1.32.2
20:39 long 4on4 ladder game on (8)Battleground_LV
Saved by Teelo
3095 views
Uploaded 2020-02-26 17:56:28
Game version 1.32.2
20:39 long 4on4 ladder game on (8)Battleground_LV


181 units @ 23.1k
/ 2.7k
68 buildings @ 11.7k
/ 4.7k


| Rod of Necromancy | 2 | 300 |
| Potion of Healing | 3 | 450 |
| Orb of Corruption | 1 | 375 |
| Potion of Mana | 1 | 200 |
| Scroll of Town Portal | 1 | 350 |
| total: | 8 | 1675g |
| Acolyte | 16 | 1200 | / | 0 |
| Ghoul | 11 | 1320 | / | 0 |
| Frost Wyrm | 6 | 2310 | / | 720 |
| Gargoyle | 7 | 1225 | / | 210 |
| total: | 40 | 6055g | / | 930w |
| Nerubian Tower | 2 | 200 | / | 40 |
| Spirit Tower | 3 | 435 | / | 120 |
| Crypt | 1 | 200 | / | 50 |
| Altar of Darkness | 1 | 180 | / | 50 |
| Ziggurat | 8 | 1200 | / | 400 |
| Tomb of Relics | 1 | 130 | / | 30 |
| Necropolis | 1 | 225 | / | 0 |
| Graveyard | 1 | 215 | / | 0 |
| Sacrificial Pit | 1 | 75 | / | 150 |
| Boneyard | 2 | 350 | / | 400 |
| Halls of the Dead | 1 | 320 | / | 210 |
| Black Citadel | 1 | 325 | / | 230 |
| total: | 16 | 2575g | / | 1080w |
| 0:03 | Acolyte |
| 0:03 | Acolyte |
| 0:05 | Crypt |
| 0:10 | Altar of Darkness |
| 0:32 | Ziggurat |
| 0:47 | Tomb of Relics |
| 1:08 | Ziggurat |
| 1:15 | Ghoul |
| 1:27 | Ghoul |
| 1:39 | Ghoul |
| 1:53 | Ghoul |
| 2:06 | Nerubian Tower |
| 2:18 | Ghoul |
| 2:28 | Rod of Necromancy |
| 2:28 | Rod of Necromancy |
| 2:34 | Death Coil |
| 2:47 | Ghoul |
| 3:13 | Halls of the Dead |
| 3:26 | Ghoul |
| 3:26 | Ghoul |
| 3:37 | Unholy Aura |
| 3:40 | Ghoul |
| 3:40 | Ghoul |
| 3:48 | Ghoul |
| 4:54 | Necropolis |
| 5:20 | Graveyard |
| 5:23 | Ziggurat |
| 5:44 | Black Citadel |
| 6:35 | Death Coil |
| 6:53 | Acolyte |
| 6:53 | Acolyte |
| 6:53 | Acolyte |
| 6:53 | Acolyte |
| 6:53 | Acolyte |
| 7:05 | Sacrificial Pit |
| 7:11 | Ziggurat |
| 7:12 | Ziggurat |
| 7:25 | Potion of Healing |
| 7:42 | Acolyte |
| 7:42 | Acolyte |
| 7:46 | Acolyte |
| 7:46 | Acolyte |
| 8:15 | Boneyard |
| 8:15 | Boneyard |
| 8:20 | Spirit Tower |
| 8:21 | Nerubian Tower |
| 8:43 | Frost Nova |
| 9:22 | Creature Attack |
| 9:22 | Creature Carapace |
| 9:30 | Ziggurat |
| 9:30 | Ziggurat |
| 9:33 | Ziggurat |
| 9:37 | Frost Wyrm |
| 9:39 | Frost Wyrm |
| 10:05 | Orb of Corruption |
| 10:20 | Acolyte |
| 10:49 | Acolyte |
| 10:50 | Acolyte |
| 10:50 | Acolyte |
| 10:50 | Acolyte |
| 11:05 | Improved Creature Attack |
| 12:00 | Frost Armor |
| 12:11 | Frost Wyrm |
| 12:51 | Frost Wyrm |
| 12:59 | Potion of Healing |
| 13:06 | Advanced Creature Attack |
| 13:48 | Spirit Tower |
| 14:23 | Frost Wyrm |
| 14:36 | Freezing Breath |
| 14:55 | Improved Creature Carapace |
| 15:23 | Unholy Aura |
| 16:26 | Frost Nova |
| 16:55 | Gargoyle |
| 16:55 | Gargoyle |
| 16:55 | Gargoyle |
| 16:57 | Spirit Tower |
| 17:33 | Gargoyle |
| 17:33 | Gargoyle |
| 17:33 | Gargoyle |
| 18:33 | Frost Wyrm |
| 19:00 | Death Coil |
| 19:55 | Potion of Healing |
| 19:57 | Potion of Mana |
| 19:59 | Scroll of Town Portal |
| 20:14 | Gargoyle |
| Right click | 737 |
| Select | 317 |
| Build/train/purchase | 85 |
| Select group | 44 |
| Use ability | 35 |
| Resource trade | 20 |
| Assign group | 16 |
| Chat | 15 |
| Item give/drop | 2 |
| Remove unit | 2 |
| Minimap ping | 1 |


| Wisp | 26 | 1560 | / | 0 |
| Archer | 50 | 6500 | / | 500 |
| total: | 76 | 8060g | / | 500w |
| Ancient Protector | 2 | 270 | / | 160 |
| Altar of Elders | 1 | 180 | / | 50 |
| Moon Well | 4 | 720 | / | 160 |
| Ancient of War | 2 | 300 | / | 120 |
| Ancient of Wonders | 1 | 90 | / | 30 |
| Hunter's Hall | 2 | 420 | / | 200 |
| Tree of Life | 3 | 1020 | / | 555 |
| Ancient of Wind | 1 | 150 | / | 140 |
| Tree of Ages | 1 | 320 | / | 180 |
| total: | 16 | 3150g | / | 1415w |
| 0:05 | Altar of Elders |
| 0:09 | Moon Well |
| 0:10 | Wisp |
| 0:11 | Wisp |
| 0:11 | Wisp |
| 0:11 | Wisp |
| 0:11 | Wisp |
| 0:41 | Ancient of War |
| 0:45 | Wisp |
| 0:45 | Wisp |
| 0:45 | Wisp |
| 1:25 | Wisp |
| 1:26 | Wisp |
| 1:26 | Wisp |
| 1:26 | Wisp |
| 1:45 | Moon Well |
| 2:05 | Archer |
| 2:05 | Archer |
| 2:05 | Archer |
| 2:05 | Archer |
| 2:05 | Archer |
| 2:13 | Mana Burn |
| 2:29 | Archer |
| 2:29 | Archer |
| 2:41 | Moon Well |
| 2:57 | Ancient of Wonders |
| 3:35 | Moon Well |
| 3:49 | Hunter's Hall |
| 4:00 | Ancient of War |
| 4:15 | Evasion |
| 4:19 | Tree of Ages |
| 4:35 | Hunter's Hall |
| 4:48 | Archer |
| 4:48 | Archer |
| 4:48 | Archer |
| 4:49 | Archer |
| 5:14 | Archer |
| 5:14 | Archer |
| 5:14 | Archer |
| 5:41 | Strength of the Moon |
| 5:42 | Moon Armor |
| 6:21 | Archer |
| 6:21 | Archer |
| 6:21 | Archer |
| 6:22 | Archer |
| 6:42 | Archer |
| 6:43 | Archer |
| 6:43 | Archer |
| 7:05 | Archer |
| 7:05 | Archer |
| 7:05 | Archer |
| 7:32 | Wisp |
| 7:32 | Wisp |
| 7:52 | Improved Bows |
| 8:07 | Improved Strength of the Moon |
| 8:08 | Improved Moon Armor |
| 8:15 | Archer |
| 8:16 | Archer |
| 8:16 | Archer |
| 8:57 | Tree of Life |
| 9:02 | Tree of Life |
| 9:05 | Wisp |
| 9:05 | Wisp |
| 9:05 | Wisp |
| 9:06 | Wisp |
| 9:06 | Wisp |
| 9:06 | Wisp |
| 9:06 | Wisp |
| 9:44 | Archer |
| 9:44 | Archer |
| 9:44 | Archer |
| 9:44 | Archer |
| 10:08 | Tree of Life |
| 10:40 | Archer |
| 10:41 | Archer |
| 10:41 | Archer |
| 10:41 | Archer |
| 10:41 | Archer |
| 11:56 | Wisp |
| 11:57 | Wisp |
| 11:57 | Wisp |
| 12:01 | Immolation |
| 12:26 | Archer |
| 12:27 | Archer |
| 12:27 | Archer |
| 12:27 | Archer |
| 12:56 | Ancient Protector |
| 13:05 | Wisp |
| 13:05 | Wisp |
| 13:28 | Archer |
| 13:28 | Archer |
| 13:29 | Archer |
| 13:29 | Archer |
| 14:30 | Ancient Protector |
| 14:35 | Archer |
| 14:35 | Archer |
| 14:36 | Archer |
| 14:36 | Archer |
| 14:36 | Archer |
| 14:36 | Archer |
| 15:20 | Force of Nature |
| 15:34 | Ancient of Wind |
| Right click | 882 |
| Select | 350 |
| Build/train/purchase | 91 |
| Use ability | 21 |
| Minimap ping | 6 |
| Misc. action | 1 |


| Healing Salve | 4 | 400 |
| Lesser Clarity Potion | 2 | 140 |
| Scroll of Speed | 1 | 50 |
| total: | 7 | 590g |
| Peon | 11 | 825 | / | 0 |
| Troll Headhunter | 12 | 1680 | / | 240 |
| Grunt | 1 | 200 | / | 0 |
| Wind Rider | 1 | 265 | / | 40 |
| Kodo Beast | 2 | 510 | / | 120 |
| Tauren | 3 | 840 | / | 240 |
| Troll Berserker | 2 | 280 | / | 40 |
| Spirit Walker | 1 | 195 | / | 35 |
| Shaman | 1 | 130 | / | 20 |
| total: | 34 | 4925g | / | 735w |
| Watch Tower | 3 | 330 | / | 240 |
| Altar of Storms | 1 | 180 | / | 50 |
| War Mill | 1 | 205 | / | 0 |
| Barracks | 1 | 180 | / | 50 |
| Orc Burrow | 7 | 1120 | / | 280 |
| Voodoo Lounge | 1 | 130 | / | 30 |
| Great Hall | 1 | 385 | / | 185 |
| Tauren Totem | 2 | 270 | / | 310 |
| Beastiary | 1 | 145 | / | 140 |
| Spirit Lodge | 1 | 150 | / | 150 |
| Stronghold | 1 | 315 | / | 190 |
| Fortress | 1 | 325 | / | 190 |
| total: | 19 | 3095g | / | 1435w |
| 0:04 | Altar of Storms |
| 0:08 | War Mill |
| 0:09 | Peon |
| 0:23 | Peon |
| 0:28 | Barracks |
| 0:46 | Peon |
| 1:11 | Orc Burrow |
| 1:13 | Orc Burrow |
| 1:27 | Peon |
| 1:34 | Troll Headhunter |
| 2:10 | Troll Headhunter |
| 2:25 | Troll Headhunter |
| 2:29 | Peon |
| 2:33 | Orc Burrow |
| 2:38 | Peon |
| 3:05 | Endurance Aura |
| 3:23 | Orc Burrow |
| 3:33 | Troll Headhunter |
| 3:33 | Troll Headhunter |
| 3:40 | Voodoo Lounge |
| 3:41 | Peon |
| 3:43 | Peon |
| 3:45 | Troll Headhunter |
| 4:14 | Steel Ranged Weapons |
| 4:16 | Troll Headhunter |
| 4:25 | Peon |
| 4:39 | Orc Burrow |
| 4:42 | Orc Burrow |
| 4:47 | Troll Headhunter |
| 5:05 | Watch Tower |
| 5:07 | Watch Tower |
| 5:12 | Watch Tower |
| 5:17 | War Stomp |
| 6:24 | Stronghold |
| 6:26 | Grunt |
| 6:27 | Troll Headhunter |
| 6:28 | Troll Headhunter |
| 6:44 | Healing Salve |
| 6:44 | Lesser Clarity Potion |
| 7:11 | Steel Armor |
| 7:20 | Scroll of Speed |
| 7:20 | Lesser Clarity Potion |
| 7:21 | Healing Salve |
| 8:05 | Troll Headhunter |
| 8:22 | Troll Headhunter |
| 8:46 | Tauren Totem |
| 8:47 | Fortress |
| 8:54 | Beastiary |
| 9:44 | Endurance Aura |
| 10:07 | Tauren Totem |
| 10:08 | Wind Rider |
| 10:10 | Kodo Beast |
| 11:02 | Healing Salve |
| 11:10 | Berserker Upgrade |
| 11:13 | Tauren |
| 11:32 | Pulverize |
| 11:35 | Spirit Lodge |
| 11:37 | Peon |
| 11:40 | Orc Burrow |
| 11:44 | Peon |
| 12:35 | Healing Wave |
| 12:51 | War Stomp |
| 13:44 | Troll Berserker |
| 13:44 | Troll Berserker |
| 13:46 | Tauren |
| 13:50 | Shaman Adept Training |
| 13:51 | Spirit Walker Adept Training |
| 13:53 | Spirit Walker Master Training |
| 13:56 | Healing Salve |
| 14:29 | Thorium Ranged Weapons |
| 15:03 | Tauren |
| 15:07 | Spirit Walker |
| 15:13 | Shaman Master Training |
| 15:13 | Shaman |
| 15:26 | Kodo Beast |
| 18:59 | Great Hall |
| 19:26 | Serpent Ward |
| Right click | 705 |
| Chat | 360 |
| Select | 354 |
| Select group | 251 |
| Build/train/purchase | 109 |
| Assign group | 61 |
| Use ability | 33 |
| Misc. action | 15 |
| Esc | 7 |

| Rod of Necromancy | 2 | 300 |
| Lesser Clarity Potion | 1 | 70 |
| Potion of Healing | 2 | 300 |
| Scroll of Town Portal | 3 | 1050 |
| total: | 8 | 1720g |
| Acolyte | 17 | 1275 | / | 0 |
| Ghoul | 4 | 480 | / | 0 |
| Crypt Fiend | 5 | 1075 | / | 200 |
| Abomination | 5 | 1200 | / | 350 |
| total: | 31 | 4030g | / | 550w |
| Nerubian Tower | 1 | 100 | / | 20 |
| Spirit Tower | 1 | 145 | / | 40 |
| Altar of Darkness | 1 | 180 | / | 50 |
| Ziggurat | 8 | 1200 | / | 400 |
| Crypt | 1 | 200 | / | 50 |
| Graveyard | 1 | 215 | / | 0 |
| Tomb of Relics | 1 | 130 | / | 30 |
| Necropolis | 3 | 675 | / | 0 |
| Slaughterhouse | 2 | 280 | / | 270 |
| Halls of the Dead | 1 | 320 | / | 210 |
| Black Citadel | 1 | 325 | / | 230 |
| total: | 17 | 2880g | / | 800w |
| 0:02 | Acolyte |
| 0:03 | Acolyte |
| 0:09 | Altar of Darkness |
| 0:14 | Ziggurat |
| 0:33 | Crypt |
| 0:56 | Graveyard |
| 1:07 | Nerubian Tower |
| 1:28 | Ziggurat |
| 1:37 | Ghoul |
| 1:48 | Ghoul |
| 2:00 | Ghoul |
| 2:20 | Carrion Swarm |
| 2:23 | Ghoul |
| 2:39 | Crypt Fiend |
| 2:54 | Crypt Fiend |
| 3:05 | Halls of the Dead |
| 3:42 | Tomb of Relics |
| 3:47 | Vampiric Aura |
| 3:50 | Crypt Fiend |
| 4:09 | Ziggurat |
| 4:12 | Ziggurat |
| 4:38 | Unholy Strength |
| 4:55 | Unholy Armor |
| 5:32 | Black Citadel |
| 5:34 | Rod of Necromancy |
| 5:47 | Web |
| 5:52 | Slaughterhouse |
| 6:36 | Lesser Clarity Potion |
| 6:47 | Slaughterhouse |
| 7:02 | Crypt Fiend |
| 7:04 | Burrow |
| 7:39 | Improved Unholy Strength |
| 7:58 | Abomination |
| 8:15 | Vampiric Aura |
| 8:25 | Improved Unholy Armor |
| 8:31 | Acolyte |
| 8:31 | Acolyte |
| 8:33 | Acolyte |
| 9:23 | Necropolis |
| 9:25 | Acolyte |
| 9:26 | Acolyte |
| 9:33 | Disease Cloud |
| 9:59 | Abomination |
| 10:17 | Acolyte |
| 10:17 | Acolyte |
| 10:32 | Acolyte |
| 10:33 | Acolyte |
| 10:41 | Rod of Necromancy |
| 11:10 | Ziggurat |
| 11:11 | Ziggurat |
| 11:14 | Abomination |
| 11:42 | Necropolis |
| 11:48 | Carrion Swarm |
| 12:21 | Abomination |
| 12:24 | Potion of Healing |
| 12:27 | Potion of Healing |
| 12:45 | Scroll of Town Portal |
| 13:08 | Advanced Unholy Strength |
| 13:22 | Abomination |
| 13:56 | Necropolis |
| 14:06 | Crypt Fiend |
| 14:31 | Scroll of Town Portal |
| 14:37 | Acolyte |
| 14:37 | Acolyte |
| 14:39 | Acolyte |
| 14:39 | Acolyte |
| 14:54 | Creature Attack |
| 15:18 | Vampiric Aura |
| 15:44 | Ziggurat |
| 15:45 | Ziggurat |
| 15:46 | Acolyte |
| 15:46 | Acolyte |
| 15:54 | Spirit Tower |
| 16:12 | Scroll of Town Portal |
| 20:11 | Inferno |
| Chat | 625 |
| Select group | 407 |
| Right click | 263 |
| Select | 183 |
| Misc. action | 109 |
| Build/train/purchase | 107 |
| Assign group | 63 |
| Use ability | 41 |
| Esc | 6 |
| Item give/drop | 2 |
| Remove unit | 1 |
165 units @ 21k
/ 2.2k
68 buildings @ 10k
/ 4.2k
⇛
Cvalik
(2)
(20:38) : 

| Potion of Healing | 3 | 450 |
| Potion of Mana | 1 | 200 |
| Scroll of Town Portal | 5 | 1750 |
| Scroll of Healing | 1 | 250 |
| total: | 10 | 2650g |
| Wisp | 26 | 1560 | / | 0 |
| Archer | 23 | 2990 | / | 230 |
| Glaive Thrower | 1 | 210 | / | 65 |
| Hippogryph | 12 | 1920 | / | 240 |
| Peon | 7 | 525 | / | 0 |
| Troll Headhunter | 7 | 980 | / | 140 |
| Shaman | 6 | 780 | / | 120 |
| Troll Batrider | 3 | 480 | / | 120 |
| total: | 85 | 9445g | / | 915w |
| Altar of Elders | 1 | 180 | / | 50 |
| Moon Well | 7 | 1260 | / | 280 |
| Ancient of War | 3 | 450 | / | 180 |
| Hunter's Hall | 1 | 210 | / | 100 |
| Tree of Life | 1 | 340 | / | 185 |
| Ancient of Wonders | 1 | 90 | / | 30 |
| Ancient of Wind | 3 | 450 | / | 420 |
| Tree of Ages | 1 | 320 | / | 180 |
| Watch Tower | 6 | 660 | / | 480 |
| Voodoo Lounge | 1 | 130 | / | 30 |
| Orc Burrow | 2 | 320 | / | 80 |
| Beastiary | 2 | 290 | / | 280 |
| Spirit Lodge | 1 | 150 | / | 150 |
| Fortress | 1 | 325 | / | 190 |
| total: | 29 | 4530g | / | 2265w |
| 0:03 | Wisp |
| 0:03 | Wisp |
| 0:16 | Altar of Elders |
| 0:19 | Moon Well |
| 0:30 | Wisp |
| 0:35 | Ancient of War |
| 0:37 | Wisp |
| 0:55 | Wisp |
| 1:17 | Wisp |
| 1:17 | Wisp |
| 1:32 | Moon Well |
| 1:36 | Archer |
| 1:40 | Wisp |
| 2:02 | Ancient of War |
| 2:04 | Archer |
| 2:04 | Archer |
| 2:19 | Trueshot Aura |
| 2:32 | Moon Well |
| 2:36 | Archer |
| 2:57 | Archer |
| 3:02 | Moon Well |
| 3:11 | Archer |
| 3:28 | Archer |
| 4:13 | Archer |
| 4:15 | Tree of Ages |
| 4:35 | Hunter's Hall |
| 4:46 | Scout |
| 5:33 | Trueshot Aura |
| 5:37 | Tree of Life |
| 5:50 | Archer |
| 6:41 | Glaive Thrower |
| 7:01 | Searing Arrows |
| 7:39 | Moon Well |
| 7:41 | Improved Bows |
| 7:59 | Ancient of Wonders |
| 8:25 | Wisp |
| 8:25 | Wisp |
| 8:25 | Wisp |
| 8:26 | Wisp |
| 8:26 | Wisp |
| 8:29 | Wisp |
| 8:29 | Wisp |
| 8:29 | Wisp |
| 8:31 | Wisp |
| 8:34 | Ancient of Wind |
| 8:37 | Moon Well |
| 9:04 | Scroll of Town Portal |
| 9:04 | Potion of Healing |
| 10:21 | Moon Armor |
| 10:22 | Strength of the Moon |
| 10:26 | Scroll of Town Portal |
| 10:26 | Potion of Healing |
| 10:43 | Hippogryph |
| 10:43 | Hippogryph |
| 11:05 | Moon Well |
| 11:06 | Hippogryph |
| 11:06 | Hippogryph |
| 12:00 | Entangling Roots |
| 12:55 | Hippogryph |
| 12:55 | Hippogryph |
| 12:56 | Hippogryph |
| 12:59 | Archer |
| 12:59 | Archer |
| 12:59 | Archer |
| 12:59 | Archer |
| 14:17 | Peon |
| 14:17 | Peon |
| 14:17 | Peon |
| 14:27 | Beastiary |
| 14:31 | Beastiary |
| 14:37 | Spirit Lodge |
| 14:41 | Watch Tower |
| 14:44 | Watch Tower |
| 14:45 | Watch Tower |
| 14:46 | Watch Tower |
| 14:49 | Peon |
| 14:49 | Peon |
| 14:49 | Peon |
| 14:49 | Peon |
| 14:55 | Wisp |
| 14:56 | Wisp |
| 14:56 | Wisp |
| 14:56 | Wisp |
| 14:56 | Wisp |
| 14:58 | Archer |
| 14:58 | Archer |
| 14:58 | Archer |
| 14:58 | Archer |
| 14:58 | Archer |
| 15:01 | Ancient of War |
| 15:03 | Ancient of Wind |
| 15:05 | Ancient of Wind |
| 15:10 | Wisp |
| 15:10 | Wisp |
| 15:10 | Wisp |
| 15:10 | Wisp |
| 15:47 | Reinforced Defenses |
| 15:48 | Steel Ranged Weapons |
| 15:48 | Spiked Barricades |
| 15:52 | Troll Headhunter |
| 15:52 | Troll Headhunter |
| 15:59 | Trueshot Aura |
| 16:01 | Thorns Aura |
| 16:03 | Archer |
| 16:04 | Archer |
| 16:04 | Archer |
| 16:04 | Archer |
| 16:10 | Archer |
| 16:11 | Hippogryph |
| 16:12 | Hippogryph |
| 16:12 | Hippogryph |
| 16:12 | Hippogryph |
| 16:19 | Shaman Adept Training |
| 16:19 | Shaman |
| 16:32 | Troll Headhunter |
| 17:35 | Voodoo Lounge |
| 17:39 | Orc Burrow |
| 17:41 | Orc Burrow |
| 17:44 | Healing Wave |
| 18:31 | Shaman |
| 18:32 | Fortress |
| 18:37 | Endurance Aura |
| 18:41 | Troll Headhunter |
| 18:53 | Scroll of Town Portal |
| 18:54 | Scroll of Healing |
| 19:30 | Scroll of Town Portal |
| 19:34 | Reinforced Hides |
| 19:35 | Improved Strength of the Moon |
| 19:38 | Scroll of Town Portal |
| 19:38 | Potion of Healing |
| 19:38 | Potion of Mana |
| 19:41 | Thorns Aura |
| 20:04 | Hippogryph |
| 20:22 | Watch Tower |
| 20:25 | Watch Tower |
| 20:27 | Steel Armor |
| 20:30 | Troll Batrider |
| 20:30 | Troll Batrider |
| 20:30 | Troll Batrider |
| 20:32 | Troll Headhunter |
| 20:32 | Troll Headhunter |
| 20:32 | Troll Headhunter |
| 20:34 | Shaman |
| 20:34 | Shaman |
| 20:35 | Shaman |
| 20:35 | Shaman |
| Right click | 595 |
| Select | 378 |
| Build/train/purchase | 130 |
| Use ability | 16 |
| Resource trade | 13 |
| Select group | 11 |
| Minimap ping | 5 |
| Assign group | 3 |


| Lesser Clarity Potion | 1 | 70 |
| Mechanical Critter | 1 | 50 |
| Scroll of Regeneration | 3 | 300 |
| Orb of Fire | 1 | 325 |
| Scroll of Town Portal | 1 | 350 |
| Potion of Lesser Invulnerability | 1 | 150 |
| total: | 8 | 1245g |
| Peasant | 6 | 450 | / | 0 |
| Footman | 9 | 1215 | / | 0 |
| Gryphon Rider | 11 | 3080 | / | 770 |
| Dragonhawk Rider | 1 | 200 | / | 30 |
| Troll Headhunter | 2 | 280 | / | 40 |
| total: | 29 | 5225g | / | 840w |
| Altar of Kings | 1 | 180 | / | 50 |
| Barracks | 1 | 160 | / | 60 |
| Farm | 8 | 640 | / | 160 |
| Arcane Vault | 1 | 130 | / | 30 |
| Lumber Mill | 1 | 120 | / | 0 |
| Blacksmith | 1 | 140 | / | 60 |
| Gryphon Aviary | 2 | 280 | / | 300 |
| Keep | 1 | 320 | / | 210 |
| Castle | 1 | 360 | / | 210 |
| Watch Tower | 1 | 110 | / | 80 |
| total: | 16 | 1760g | / | 740w |
| 0:05 | Peasant |
| 0:14 | Altar of Kings |
| 0:19 | Barracks |
| 0:24 | Farm |
| 0:26 | Peasant |
| 0:28 | Peasant |
| 0:56 | Peasant |
| 1:02 | Farm |
| 1:10 | Peasant |
| 1:33 | Footman |
| 1:34 | Footman |
| 1:41 | Farm |
| 1:42 | Peasant |
| 2:06 | Footman |
| 2:24 | Farm |
| 2:31 | Flame Strike |
| 2:35 | Footman |
| 2:49 | Keep |
| 3:01 | Footman |
| 3:16 | Arcane Vault |
| 3:27 | Footman |
| 3:50 | Footman |
| 3:57 | Lumber Mill |
| 4:23 | Blacksmith |
| 4:29 | Lesser Clarity Potion |
| 4:30 | Mechanical Critter |
| 4:32 | Footman |
| 4:56 | Siphon Mana |
| 5:02 | Footman |
| 5:05 | Improved Masonry |
| 5:11 | Farm |
| 5:29 | Improved Lumber Harvesting |
| 5:44 | Iron Forged Swords |
| 5:52 | Farm |
| 7:18 | Gryphon Aviary |
| 7:44 | Gryphon Aviary |
| 7:47 | Castle |
| 7:49 | Studded Leather Armor |
| 8:31 | Flame Strike |
| 8:49 | Scroll of Regeneration |
| 9:00 | Steel Forged Swords |
| 9:34 | Farm |
| 9:45 | Scroll of Regeneration |
| 9:56 | Storm Bolt |
| 10:13 | Gryphon Rider |
| 10:24 | Farm |
| 10:27 | Reinforced Leather Armor |
| 10:35 | Gryphon Rider |
| 10:38 | Orb of Fire |
| 10:54 | Gryphon Rider |
| 11:16 | Troll Headhunter |
| 11:16 | Troll Headhunter |
| 11:20 | Spiked Barricades |
| 11:31 | Watch Tower |
| 11:38 | Gryphon Rider |
| 12:05 | Gryphon Rider |
| 12:38 | Storm Hammers |
| 12:47 | Scroll of Regeneration |
| 13:00 | Gryphon Rider |
| 14:25 | Gryphon Rider |
| 14:27 | Mithril Forged Swords |
| 15:16 | Bash |
| 15:33 | Gryphon Rider |
| 15:37 | Dragonhide Armor |
| 16:00 | Banish |
| 16:43 | Gryphon Rider |
| 17:42 | Scroll of Town Portal |
| 17:43 | Potion of Lesser Invulnerability |
| 18:26 | Flame Strike |
| 18:34 | Gryphon Rider |
| 19:54 | Gryphon Rider |
| 19:55 | Dragonhawk Rider |
| 20:25 | Storm Bolt |
| Right click | 483 |
| Select | 211 |
| Build/train/purchase | 65 |
| Use ability | 26 |
| Minimap ping | 2 |
| Misc. action | 1 |
| Item give/drop | 1 |
| Remove unit | 1 |



| Scroll of Town Portal | 3 | 1050 |
| Scroll of Healing | 1 | 250 |
| total: | 4 | 1300g |
| Wisp | 10 | 600 | / | 0 |
| Archer | 9 | 1170 | / | 90 |
| Hippogryph | 10 | 1600 | / | 200 |
| total: | 29 | 3370g | / | 290w |
| Altar of Elders | 1 | 180 | / | 50 |
| Moon Well | 5 | 900 | / | 200 |
| Hunter's Hall | 1 | 210 | / | 100 |
| Ancient of War | 1 | 150 | / | 60 |
| Ancient of Wonders | 1 | 90 | / | 30 |
| Ancient of Wind | 1 | 150 | / | 140 |
| Tree of Ages | 1 | 320 | / | 180 |
| Tree of Eternity | 1 | 330 | / | 200 |
| total: | 10 | 1680g | / | 580w |
| 0:06 | Wisp |
| 0:06 | Wisp |
| 0:19 | Altar of Elders |
| 0:22 | Moon Well |
| 0:28 | Wisp |
| 0:41 | Wisp |
| 0:41 | Wisp |
| 1:20 | Wisp |
| 1:20 | Wisp |
| 1:27 | Hunter's Hall |
| 1:51 | Wisp |
| 2:18 | Wisp |
| 2:33 | Tree of Ages |
| 2:37 | Ancient of War |
| 2:48 | Moon Well |
| 3:38 | Ancient of Wonders |
| 3:50 | Archer |
| 3:51 | Archer |
| 3:51 | Archer |
| 4:19 | Ultravision |
| 4:36 | Archer |
| 4:45 | Moon Well |
| 4:58 | Wisp |
| 5:16 | Ancient of Wind |
| 5:39 | Tree of Eternity |
| 5:42 | Improved Bows |
| 6:00 | Mana Burn |
| 6:08 | Soul Burn |
| 6:34 | Hippogryph |
| 6:34 | Hippogryph |
| 6:35 | Hippogryph |
| 6:35 | Hippogryph |
| 6:47 | Strength of the Moon |
| 7:54 | Moon Well |
| 8:02 | Hippogryph |
| 8:56 | Improved Strength of the Moon |
| 9:11 | Moon Well |
| 9:32 | Acid Bomb |
| 10:13 | Marksmanship |
| 10:15 | Advanced Strength of the Moon |
| 12:07 | Evasion |
| 12:09 | Incinerate |
| 12:12 | Chemical Rage |
| 12:49 | Scroll of Town Portal |
| 14:17 | Hippogryph |
| 14:17 | Hippogryph |
| 14:17 | Hippogryph |
| 14:18 | Archer |
| 14:18 | Archer |
| 14:19 | Archer |
| 14:22 | Moon Armor |
| 14:23 | Well Spring |
| 14:26 | Scroll of Healing |
| 14:31 | Scroll of Town Portal |
| 14:31 | Scroll of Town Portal |
| 15:50 | Evasion |
| 15:57 | Archer |
| 15:57 | Archer |
| 15:59 | Hippogryph |
| 15:59 | Hippogryph |
| 18:10 | Acid Bomb |
| 20:37 | Healing Spray |
| Right click | 350 |
| Select group | 189 |
| Select | 157 |
| Build/train/purchase | 68 |
| Resource trade | 28 |
| Use ability | 25 |
| Assign group | 14 |
| Misc. action | 1 |
| Remove unit | 1 |
| Minimap ping | 1 |

| Lesser Clarity Potion | 2 | 140 |
| Healing Salve | 1 | 100 |
| total: | 3 | 240g |
| Peon | 8 | 600 | / | 0 |
| Grunt | 7 | 1400 | / | 0 |
| Troll Headhunter | 7 | 980 | / | 140 |
| total: | 22 | 2980g | / | 140w |
| Watch Tower | 3 | 330 | / | 240 |
| Altar of Storms | 1 | 180 | / | 50 |
| Orc Burrow | 5 | 800 | / | 200 |
| Barracks | 2 | 360 | / | 100 |
| War Mill | 1 | 205 | / | 0 |
| Voodoo Lounge | 1 | 130 | / | 30 |
| Stronghold | 1 | 315 | / | 190 |
| total: | 13 | 2005g | / | 620w |
| 0:04 | Peon |
| 0:13 | Altar of Storms |
| 0:21 | Orc Burrow |
| 0:23 | Peon |
| 0:37 | Peon |
| 0:46 | Barracks |
| 0:50 | Peon |
| 1:04 | Peon |
| 1:37 | Orc Burrow |
| 1:43 | War Mill |
| 1:46 | Peon |
| 2:02 | Grunt |
| 2:12 | Peon |
| 2:34 | Endurance Aura |
| 2:36 | Grunt |
| 2:44 | Orc Burrow |
| 3:01 | Grunt |
| 3:15 | Troll Headhunter |
| 3:29 | Steel Armor |
| 4:00 | Troll Headhunter |
| 4:06 | War Stomp |
| 4:13 | Voodoo Lounge |
| 4:23 | Orc Burrow |
| 4:27 | Peon |
| 4:48 | Troll Headhunter |
| 4:56 | Troll Headhunter |
| 5:29 | Grunt |
| 6:11 | Orc Burrow |
| 6:35 | Watch Tower |
| 6:36 | Watch Tower |
| 7:10 | Watch Tower |
| 7:20 | Steel Ranged Weapons |
| 7:38 | Troll Headhunter |
| 8:00 | Troll Headhunter |
| 8:06 | Lesser Clarity Potion |
| 8:07 | Healing Salve |
| 8:25 | Troll Headhunter |
| 8:37 | Barracks |
| 8:55 | Steel Melee Weapons |
| 8:58 | Grunt |
| 9:36 | Grunt |
| 9:47 | Grunt |
| 10:01 | Lesser Clarity Potion |
| 10:10 | Stronghold |
| Right click | 195 |
| Select group | 145 |
| Select | 92 |
| Build/train/purchase | 54 |
| Misc. action | 47 |
| Assign group | 22 |
| Use ability | 4 |